[Event "Team 45 45 League T29"]
[Site "Internet Chess Club"]
[Date "2006.01.17"]
[Round "4"]
[White "MoneyGame"]
[Black "NotSoGreat"]
[Result "0-1"]
[WhiteElo "2305"]
[BlackElo "2192"]
[TimeControl "2700+45"]

1. d4 Nf6 2. c4 e6 3. Nc3 Bb4 4. f3 d5 5. a3 Be7 6. e4 dxe4 7. fxe4 e5 8. d5 Bc5
9. Nf3 Ng4 10. Na4 Bf2+ 11. Ke2 f5 12. h3 fxe4 13. hxg4 Bg3 14. Qc2 exf3+ 15.
gxf3 Qf6 16. Be3 g6 17. Nc5 O-O 18. Bg2 Bf4 19. Ne4 Qa6 20. Bf2 Nd7 21. g5 Nb6
22. b3 Bf5 23. Bh3 Nd7 24. b4 Bxg5 25. b5 Qa5 26. Nxg5 Bxc2 27. Be6+ Rf7 28.
Bxf7+ Kf8 29. Be1 Bd3+ 30. Kxd3 Nc5+ 31. Ke2 Qa4 32. Bb4 Qc2+ 33. Ke1 Kg7 34.
Bxc5 h6 35. Ne4 Kxf7 36. Rxh6 Kg7 37. Be3 Rf8 38. Rc1 Qg2 39. Ng5 Kxh6 40. Ne6+
Rf4 41. Nxf4 exf4 42. Bxf4+ g5 43. Bxc7 Qxf3 44. Kd2 Qxa3 45. Rc3 Qb2+ 46. Kd3
Kg6 47. Be5 Kf5 48. Bd4 b6 49. Rc2 Qb1 50. Kc3 Qe1+ 51. Kd3 Qe4+ 52. Kc3 Qf3+
53. Kb4 Ke4 54. Rd2 Qf4 55. Bc3 Qd6+ 56. Kb3 g4 57. Re2+ Kf3 58. Re6 Qd7 59.
Rf6+ Ke3 60. Rg6 Kd3 61. Rf6 Qc7 62. Rc6 Qh2 63. Bb2 Qc2+ 64. Ka3 Qd2 65. c5
Qa5+ 66. Kb3 Qxb5+ 67. Ka2 bxc5 68. Rf6 c4 69. Rf1 Qa4+ 70. Ba3 Qc2+ 71. Ka1 Qb3
72. d6 Qxa3+ 73. Kb1 Kc3 74. Rf2 Qxd6 75. Rc2+ Kd4 76. Rd2+ Kc5 77. Rxd6 Kxd6
78. Kc2 Kc5 79. Kc3 a5 80. Kc2 a4 81. Kc3 Kb5 82. Kd4 Kb4 83. Ke3 a3 84. Kd4 a2
85. Ke3 a1=Q 86. Ke4 Qe1+ 87. Kf4 Qf2+ 88. Ke4 Qf3+ 89. Kd4 c3 90. Ke5 Qd3 91.
Kf4 g3 92. Ke5 g2 93. Kf4 c2 94. Ke5 c1=Q 95. Ke6 g1=Q 96. Ke5 Qgc5+ 97. Ke6
Qh6+ 98. Kf7 Qcf8# {White checkmated} 0-1  aics%

[Event "Team 45 45 League T29"]
[Site "Internet Chess Club"]
[Date "2006.01.13"]
[Round "4"]
[White "billarvola"]
[Black "gracey"]
[Result "0-1"]
[WhiteElo "2022"]
[BlackElo "2061"]
[TimeControl "2700+45"]

1. d4 d5 2. Nf3 Nf6 3. c4 c6 4. Nc3 dxc4 5. a4 Bf5 6. e3 e6 7. Bxc4 Bb4 8. O-O
Nbd7 9. Qb3 a5 10. Na2 Be7 11. Qxb7 Rb8 12. Qxc6 Rb6 {White resigns} 0-1  aics%

[Event "Team 45 45 League T29"]
[Site "Internet Chess Club"]
[Date "2006.01.15"]
[Round "4"]
[White "nightly"]
[Black "nminwalla"]
[Result "0-1"]
[WhiteElo "1844"]
[BlackElo "1994"]
[TimeControl "2700+45"]

1. c4 e6 2. g3 d5 3. Bg2 Nf6 4. Nf3 Be7 5. O-O O-O 6. d4 dxc4 7. Qa4 a6 8. Qxc4
b5 9. Qc2 Bb7 10. Bg5 Nbd7 11. Nc3 c5 12. dxc5 Bxc5 13. Rfd1 Qb6 14. e3 Rac8 15.
Rac1 h6 16. Bxf6 Nxf6 17. Qe2 Be7 18. a3 Rfd8 19. Rxd8+ Rxd8 20. Rd1 Rxd1+ 21.
Qxd1 b4 22. axb4 Bxb4 23. Qb3 a5 24. Qc4 Ba6 25. Qb3 Qc5 26. Nd4 e5 27. Nf5 Bc8
28. Nh4 Bxc3 29. bxc3 e4 30. Bf1 Be6 31. c4 Qb4 32. Qa2 a4 33. Ng2 a3 34. Nf4
Qb2 {White resigns} 0-1  aics%

[Event "Team 45 45 League T29"]
[Site "Internet Chess Club"]
[Date "2006.01.14"]
[Round "4"]
[White "vvsi"]
[Black "mike0897"]
[Result "0-1"]
[WhiteElo "1810"]
[BlackElo "1855"]
[TimeControl "2700+45"]

1. e4 c5 2. Nf3 d6 3. Bd3 h6 4. c3 Nc6 5. Bc2 Nf6 6. d3 Bg4 7. Nbd2 e6 8. h3 Bh5
9. Nf1 Be7 10. Ng3 Bg6 11. O-O O-O 12. Re1 Rc8 13. Be3 b5 14. Qd2 d5 15. e5 Nd7
16. d4 cxd4 17. Bxg6 dxe3 18. Bxf7+ Rxf7 19. Qxe3 Bc5 20. Qd3 Qf8 21. Qg6 Ndxe5
22. Qxe6 Nxf3+ 23. gxf3 Kh8 24. Re2 Rxf3 25. Nh1 d4 26. Rae1 d3 27. Qxc8 Qxc8
28. Re8+ Qxe8 29. Rxe8+ Kh7 30. Kf1 Rxh3 31. Ng3 Rh2 32. Ne4 Rh1+ 33. Kg2 Rh4
34. Nd2 Bb6 35. Re6 Na5 36. b3 b4 37. c4 Nb7 38. Re5 Kg6 39. Re6+ Kf5 40. Re7
Nc5 41. f3 Ne6 42. Ne4 g6 43. Ng3+ Kf6 44. Rd7 Nf4+ 45. Kf1 Ke6 46. Rb7 d2
{White resigns} 0-1  aics%

[Event "Team 45 45 League T29"]
[Site "Internet Chess Club"]
[Date "2006.01.13"]
[Round "4"]
[White "Nomad"]
[Black "fileman"]
[Result "1-0"]
[WhiteElo "1981"]
[BlackElo "1931"]
[TimeControl "2700+45"]

1. e4 Nc6 2. d4 e5 3. d5 Nce7 4. Nf3 Ng6 5. Nc3 Bc5 6. Bd3 a5 7. O-O d6 8. h3
N8e7 9. Bg5 O-O 10. Nh4 Nxh4 11. Bxh4 f6 12. Qd2 Ng6 13. Bg3 f5 14. exf5 Bxf5
15. Ne4 Bb6 16. Kh2 h6 17. f4 exf4 18. Bxf4 Bxe4 19. Bxe4 Rxf4 20. Bxg6 Rf6 21.
Qd3 Qf8 22. Bf5 g6 23. Bxg6 Kg7 24. Bf5 Re8 25. Be6 Kh8 26. Qc3 Kg7 27. Rf3 Qe7
28. Raf1 Rf8 29. b3 Kg6 30. Rxf6+ Rxf6 31. Qg3+ {Black resigns} 1-0  aics%

[Event "Team 45 45 League T29"]
[Site "Internet Chess Club"]
[Date "2006.01.19"]
[Round "4"]
[White "Malcolm"]
[Black "Neo-Myshkin"]
[Result "1-0"]
[WhiteElo "1792"]
[BlackElo "1874"]
[TimeControl "2700+45"]

1. Nc3 e6 2. e4 d5 3. f4 c5 4. Nf3 Nf6 5. e5 Nfd7 6. g3 b6 7. Bg2 Ba6 8. d3 Be7
9. O-O Nc6 10. Qe1 Qc7 11. a4 O-O 12. f5 Ncxe5 13. Bf4 Nxf3+ 14. Bxf3 Bd6 15.
fxe6 Nf6 16. Nxd5 Nxd5 17. Bxd5 Rac8 18. exf7+ Kh8 19. Qe6 Rcd8 20. Bg5 Rb8 21.
Qh6 Be5 22. Qh4 Bd4+ 23. Kg2 Bb7 24. Be4 Bxe4+ 25. dxe4 Rb7 26. c3 Be5 27. Rad1
Qc8 28. Rd8 Rxd8 29. Bxd8 Rxf7 30. Rxf7 h6 31. Rf8+ Kh7 32. Qh3 Qa6 33. Qf5+ g6
34. Qf7+ Bg7 35. Qg8# {Black checkmated} 1-0  aics%

[Event "Team 45 45 League T29"]
[Site "Internet Chess Club"]
[Date "2006.01.14"]
[Round "4"]
[White "Squaredance"]
[Black "LoseOften"]
[Result "0-1"]
[WhiteElo "1897"]
[BlackElo "1816"]
[TimeControl "2700+45"]

1. d4 f5 2. Nc3 d5 3. Nf3 Nf6 4. Bg5 e6 5. e3 c6 6. Bd3 Bd6 7. Ne2 O-O 8. O-O
Bd7 9. c4 Be8 10. Bf4 Bh5 11. Bxd6 Qxd6 12. Ne5 Nbd7 13. f4 Ng4 14. Ng3 Nxe3 15.
Qxh5 Nxf1 16. Rxf1 dxc4 17. Bxc4 Qxd4+ 18. Kh1 Nxe5 19. Bxe6+ Nf7 20. Nxf5 Qf6
21. Qg4 Rae8 22. Re1 Kh8 23. Re2 Nd8 24. Bd7 Qxb2 25. h3 Rxe2 26. Nh4 Rf2 27.
Qh5 Qc1+ 28. Kh2 Qxf4+ {White resigns} 0-1  aics%